 Dungeon Crawl Stone Soup version 0.28-a0-479-g5baa6b73be (webtiles) character file.

Game seed: 16548969035740558784

19 willcat the Sneak (level 2, -5/21 HPs)
             Began as an Octopode Delver on Sept 17, 2021.
             Slain by a gnoll shaman (10 damage)
             ... on level 5 of the Dungeon.
             The game lasted 00:00:18 (281 turns).

willcat the Sneak (Octopode Delver)                  Turns: 281, Time: 00:00:19

Health: -5/21      AC:  1    Str: 11    XL:     2   Next: 75%
Magic:  2/2        EV: 13    Int: 12    God:
Gold:   0          SH:  0    Dex: 13    Spells: 1/1 levels left

rFire   . . .      SeeInvis .   a - +0 short sword
rCold   . . .      Faith    .   (no shield)
rNeg    . . .      Spirit   .   (helmet restricted)
rPois   .          Reflect  .   (no amulet)
rElec   .          Harm     .   (no ring)
rCorr   .          Rampage  .   (no ring)
Will    .....                   (no ring)
Stlth   ++++......              (no ring)
HPRegen 0.07/turn               (no ring)
MPRegen 0.08/turn               (no ring)
                                (no ring)
                                (no ring)

@: no status effects
A: almost no armour, amphibious, 8 rings, camouflage 1, gelatinous body 1,
(nimble swimmer 1), tentacles
a: no special abilities


You were on level 5 of the Dungeon.
You visited 2 branches of the dungeon, and saw 3 of its levels.

Inventory:

Hand Weapons
 a - a +0 short sword (weapon)
Wands
 f - a wand of digging (3)
Scrolls
 b - a scroll of fog
 c - a scroll of magic mapping
 d - a scroll of fear
Potions
 e - a potion of haste


   Skills:
 - Level 3.0 Fighting
 + Level 2.4 Short Blades
 + Level 2.4 Dodging
 + Level 6.9 Stealth


You had one spell level left.
You didn't know any spells.
Your spell library was empty.

Dungeon Overview and Level Annotations

Branches:
Dungeon (6/15)             Temple (1/1) D:5

Altars:
Ashenzari
Cheibriados
Dithmenos
Elyvilon
Fedhas
Gozag
Hepliaklqana
Kikubaaqudgha
Makhleb
Nemelex Xobeh
Okawaru
Qazlal
Sif Muna
Vehumet
Wu Jian
Xom
Zin
The Shining One


Innate Abilities, Weirdness & Mutations

You cannot wear most types of armour.
You are amphibious.
You can wear up to eight rings at the same time.
Your skin changes colour to match your surroundings (Stealth+).
Your rubbery body absorbs attacks. (AC +1, EV +1)
((You are camouflaged near water. (Stealth+)))
You have tentacles for arms and can constrict up to eight enemies at once.


Message History

There is an open door here.
There is an open door here.
There is an open door here.
There is a staircase back to the Dungeon here.
You climb upwards.
There is a staircase to the Ecumenical Temple here.
Done exploring.
Done exploring.
Done exploring.
Done exploring.
Unknown command.
There is a stone staircase leading down here.
You climb downwards.
There is a stone staircase leading up here.
Unknown command.
The helpless gnoll fails to defend itself.
You puncture the gnoll!
You kill the gnoll!
You have reached level 2!
A gnoll shaman and a skeleton come into view.
You see here a +0 club.
The helpless gnoll fails to defend itself.
You puncture the gnoll!
You kill the gnoll!
The gnoll shouts!
The gnoll shaman shouts!
The gnoll shouts!
The gnoll misses you.
A gnoll comes into view. It is wielding a +0 spear.
Unknown command.
There is a stone staircase leading up here.
The gnoll hits you from afar with a +0 spear.
The gnoll shaman hits you with a +0 whip!
* * * LOW HITPOINT WARNING * * *
You climb upwards.
There is a stone staircase leading down here.
Unknown command.
You hit the gnoll shaman. You grab the gnoll shaman.
The gnoll shaman is moderately wounded.
You constrict the gnoll shaman, but do no damage.
The gnoll shaman hits you with a +0 whip!
You die...

#######
.s.#.#..g#
#..#.@.#
####...#
#.#.#
#...###
#.>.#.#
#...#.#
#####..#
... ....


You could see a gnoll shaman and a scorpion.

Vanquished Creatures
  2 gnolls (D:6)
2 creatures vanquished.

Notes
Turn   | Place    | Note
-------+----------+-------------------------------------------
     0 | D:5      | willcat the Octopode Delver began the quest for the Orb.
     0 | D:5      | Reached XP level 1. HP: 16/16 MP: 1/1
     0 | D:5      | Found a staircase to the Ecumenical Temple.
     0 | D:5      | Noticed a lemure
     5 | Temple   | Entered the Ecumenical Temple
   275 | D:6      | Reached XP level 2. HP: 21/21 MP: 2/2
   280 | D:5      | Noticed a scorpion
   281 | D:5      | Slain by a gnoll shaman

Illustrated notes

Levels and vault maps discovered:
D:5:      layout_cave_pods, lightli_temple_of_fire,
          minmay_temple_entry_from_below_a, uniq_pikel, uniq_grinder
D:6:      layout_loops_ring
Temple:   dpeg_five_rooms_temple

Action                   || total
-------------------------++-------
Melee: Short sword       ||     3
       Constrict         ||     1
 Stab: Sleeping          ||     2
Dodge: Dodged            ||     1

Table legend: (Time is in decaauts)
 A = Elapsed time spent in this place.
 B = Non-inter-level travel time spent in this place.
 C = Inter-level travel time spent in this place.
 D = Time resting spent in this place.
 E = Time spent auto-exploring this place.
 F = Levels seen in this place.
 G = Mean time per level.
                   A        B        C        D        E       F      G
               +--------+--------+--------+--------+--------+-----+--------+
         Total |    281 |    231 |     50 |      0 |    201 |   3 |   93.7 |
       Dungeon |     20 |     19 |      1 |      0 |      0 |   2 |   10.0 |
        Temple |    260 |    211 |     49 |      0 |    201 |   1 |  260.0 |
               +--------+--------+--------+--------+--------+-----+--------+

Top non-repeatable levels by time:
  Temple: 260 daAuts
     D:5: 14 daAuts
     D:6: 6 daAuts
